 Dungeon Crawl Stone Soup version 0.22-a0-254-gaf95ca0 (webtiles) character file.

215 JeffiDaFish the Firebug (level 5, -4/28 HPs)
             Began as a Tengu Fire Elementalist on Mar 4, 2018.
             Slain by a scorpion (5 damage)
             ... on level 4 of the Dungeon.
             The game lasted 00:06:14 (2793 turns).

JeffiDaFish the Firebug (Tengu Fire Elementalist)   Turns: 2793, Time: 00:06:15

Health: -4/28      AC:  2    Str:  8    XL:     5   Next: 92%
Magic:  1/11       EV: 13    Int: 17    God:
Gold:   113        SH:  0    Dex: 18    Spells: 3/11 levels left

rFire    . . .     SeeInvis .   d - +2 dagger (venom)
rCold    . . .     Gourm    .   (no shield)
rNeg     . . .     Faith    .   a - +0 robe
rPois    .         Spirit   .   g - +0 hat
rElec    .         Reflect  .   (no cloak)
rCorr    .         Harm     .   (no gloves)
MR       .....                  (boots unavailable)
Stlth    ++........             (no amulet)
HPRegen  0.09/turn              e - +4 ring of dexterity
MPRegen  0.12/turn              (no ring)

@: lethally poisoned (-4 -> -14), about to teleport, very slightly contaminated
A: beak, talons 3, able to fly 1
a: Fly


You were on level 4 of the Dungeon.
You were not hungry.

You visited 1 branch of the dungeon, and saw 4 of its levels.

You collected 113 gold pieces.

Inventory:

Hand Weapons
 d - a +2 dagger of venom (weapon)
Armour
 a - a +0 robe (worn)
 g - a +0 hat (worn)
 h - a +0 buckler
Jewellery
 e - a +4 ring of dexterity (left hand)
Scrolls
 b - 2 scrolls of identify
 i - a scroll of remove curse
 j - 2 scrolls of amnesia
Comestibles
 c - 7 rations
 f - 3 chunks of flesh


   Skills:
 - Level 2.1 Dodging
 - Level 2.0 Stealth
 * Level 3.7 Spellcasting
 * Level 4.1 Conjurations
 + Level 4.7 Fire Magic


You had 3 spell levels left.
You knew the following spells:

 Your Spells              Type           Power        Failure   Level  Hunger
a - Flame Tongue          Conj/Fire      ###..        2%          1    None
b - Conjure Flame         Conj/Fire      ###.....     8%          3    ###....
c - Sticky Flame          Conj/Fire      ###.....     26%         4    ####...


Dungeon Overview and Level Annotations

Branches:
Dungeon (4/15)
 Temple: D:4-7

Altars:
Elyvilon
Yredelemnul


Innate Abilities, Weirdness & Mutations

You have a beak for a mouth.
You have claws for feet.
You can fly.


Message History

You feel sick. The scorpion stings you.
* * * LOW HITPOINT WARNING * * *
* * * LOW HITPOINT WARNING * * *
You feel sick.
* * * LOW HITPOINT WARNING * * *
You feel sick.
You aren't carrying any potions.
* * * LOW HITPOINT WARNING * * *
You feel sick.
* * * LOW HITPOINT WARNING * * *
You feel sick.
As you read the scroll of teleportation, it crumbles to dust.
You feel strangely unstable.
* * * LOW HITPOINT WARNING * * *
You feel sick.
You hit the scorpion.
The scorpion is poisoned.
Your kick misses the scorpion.
The scorpion is heavily wounded.
* * * LOW HITPOINT WARNING * * *
You feel sick. The scorpion stings you.
You die...

###### #....# #....###
#......##### #..........#
.... #....##....### ...# .#
###....####....# ... .#.=
#...[..#####.#.### #.# ....
#......#.....@...####.####..#
#......#.....s.............#
#####........v............#
###...................#
##.>...............##
###.##.###...#+#..# ##
#..##.# ##..# #..####.
#.###.# #..#+#.......
##.###.# ##.#.....####.


You could see a fire vortex and a scorpion.

Vanquished Creatures
  An ogre (D:4)
  A howler monkey (D:4)
  A worker ant (D:3)
  3 adders
  An adder skeleton (D:4)
  A worm (D:3)
  A leopard gecko (D:2)
  A giant cockroach (D:3)
  9 hobgoblins
  3 quokkas
  A ball python (D:3)
  7 bats
  3 frilled lizards
  4 goblins
  A jackal skeleton (D:4)
  2 kobolds
  4 rats
44 creatures vanquished.

Notes
Turn   | Place    | Note
-------+----------+-------------------------------------------
     0 | D:1      | JeffiDaFish the Tengu Fire Elementalist began the quest for the Orb.
     0 | D:1      | Reached XP level 1. HP: 10/10 MP: 4/4
   216 | D:1      | Reached XP level 2. HP: 15/15 MP: 4/6
   494 | D:2      | Found a basalt altar of Yredelemnul.
  1505 | D:3      | Reached XP level 3. HP: 19/19 MP: 7/7
  1552 | D:3      | Learned a level 3 spell: Conjure Flame
  1781 | D:3      | Reached XP level 4. HP: 9/24 MP: 1/9
  2218 | D:3      | Found a white marble altar of Elyvilon.
  2492 | D:4      | Noticed an ogre
  2499 | D:4      | Killed an ogre
  2499 | D:4      | Gained mutation: You can fly. [Tengu growth]
  2499 | D:4      | Reached XP level 5. HP: 28/28 MP: 3/11
  2505 | D:4      | Learned a level 4 spell: Sticky Flame
  2793 | D:4      | HP: 1/28 [poisoned by a scorpion]
  2793 | D:4      | Slain by a scorpion

Vault maps used:
D:1:      minmay_arrival_four_houses
D:2:      nicolae_overflow_crystal_walls, first_ration
D:3:      elyvilon_altar_1
D:4:      kennysheep_mini, bloody_trog

Skill      XL: |  1  2  3  4  5 |
---------------+----------------+-----
Conjurations   | 2 3 4 |  4.1
Fire Magic     | 4 |  4.7
Spellcasting   | 3 |  3.7
Dodging        | |  2.1
Stealth        | |  2.0

Action                   |  1- 3 |  4- 6 || total
-------------------------+-------+-------++-------
Melee: Short sword       |    22 |       ||    22
       Peck              |     4 |     1 ||     5
       Kick              |     4 |     5 ||     9
       Dagger            |    12 |    16 ||    28
 Cast: Flame Tongue      |    38 |    22 ||    60
       Sticky Flame      |       |     2 ||     2
  Use: Scroll            |     6 |     1 ||     7
       Potion            |     6 |       ||     6
 Stab: Sleeping          |     2 |     2 ||     4
  Eat: Chunk             |     3 |     4 ||     7
Armor: Robe              |    20 |     2 ||    22
Dodge: Dodged            |    42 |    15 ||    57

Table legend:
 A = Spawn XP
 B = Non-spawn XP
 C = Spawn XP percentage of total XP
 D = Spawn monster count
 E = Non-spawn monster count
 F = Spawn count percentage of total count
 G = Total turns spent on level
                    A         B        C        D         E        F      G
               +---------+---------+-------+---------+---------+-------+---------
         Total |       0 |     308 |   0.0 |       0 |      44 |   0.0 |  2793
               +---------+---------+-------+---------+---------+-------+---------
           D:1 |       0 |      17 |   0.0 |       0 |      12 |   0.0 |   486
           D:2 |       0 |      15 |   0.0 |       0 |       8 |   0.0 |   977
           D:3 |       0 |      83 |   0.0 |       0 |      16 |   0.0 |  1029
           D:4 |       0 |     193 |   0.0 |       0 |       8 |   0.0 |   301
               +---------+---------+-------+---------+---------+-------+---------
